 Dungeon Crawl Stone Soup version 0.23.2-40-g277498a001 (webtiles) character file.

Game seed: 7114034851473751113

22534 Shtrein the Spear-Bearer (level 12, 0/106 HPs)
             Began as a Yellow Draconian Berserker on Oct 10, 2019.
             Was a High Priest of Trog.
             Slain by a death yak (8 damage)
             ... on level 2 of the Lair of Beasts.
             The game lasted 01:24:54 (16057 turns).

Shtrein the Spear-Bearer (DrBe)                    Turns: 16057, Time: 01:24:55

Health: 0/106      AC: 11    Str: 23    XL:     12   Next: 63%
Magic:  22/22      EV: 17    Int: 12    God:    Trog [*****.]
Gold:   1490       SH: 23    Dex: 15    Spells: 11/11 levels left

rFire    . . .     SeeInvis +   i - +9 trident "Uqoradel" {pierce, rElec rN++ Int+3 Stlth-}
rCold    . . .     Gourm    .   D - +1 large shield
rNeg     + + +     Faith    .   (armour unavailable)
rPois    .         Spirit   .   (helmet restricted)
rElec    +         Reflect  +   j - +2 cloak
rCorr    +         Harm     .   (no gloves)
MR       .....                  (no boots)
Stlth    ++........             R - amulet of Natil {Reflect rElec MP+9 Dex+4 SH+5 SInv}
HPRegen  0.27/turn              Z - +3 ring of evasion
MPRegen  0.18/turn              C - ring of positive energy

@: no status effects
A: spit acid, unfitting armour, cold-blooded, acid resistance, AC +8
a: Breathe Acid, Berserk, Trog's Hand, Brothers in Arms, Renounce Religion


You were on level 2 of the Lair of Beasts.
You worshipped Trog.
Trog was extremely pleased with you.
You were hungry.

You visited 3 branches of the dungeon, and saw 15 of its levels.
You also visited: Bailey.

You collected 1644 gold pieces.
You spent 154 gold pieces at shops.

Inventory:

Hand Weapons
 a - the +9 staff of Olgreb {rPois}
   (You found it on level 8 of the Dungeon)

   It protects you from poison.
 f - the +10 morningstar "Beetlebane" {flame, rC- Dex+7 Stlth+}
   (Trog gifted it to you on level 9 of the Dungeon)

   It has been specially enchanted to burn those struck by it, causing extra
   injury to most foes and up to half again as much damage against particularly
   susceptible opponents.
   It affects your dexterity (+7).
   It makes you vulnerable to cold.
   It makes you more stealthy.
 i - the +9 trident "Uqoradel" (weapon) {pierce, rElec rN++ Int+3 Stlth-}
   (You found it on level 7 of the Dungeon)

   It inflicts extra damage upon your enemies.
   It affects your intelligence (+3).
   It insulates you from electricity.
   It greatly protects you from negative energy.
   It makes you less stealthy.
 X - a +2 broad axe of chopping
Missiles
 e - 12 tomahawks of returning (quivered)
Armour
 j - a +2 cloak (worn)
 D - a +1 large shield (worn)
Magical Staves
 K - an uncursed staff of cold
Jewellery
 d - an uncursed ring of magical power {unknown}
 h - an uncursed amulet of magic regeneration
 l - a cursed ring of teleportation {unknown}
 r - an uncursed ring of fire
 C - a ring of positive energy (right hand)
 L - an uncursed ring of fire
 R - the amulet of Natil (around neck) {Reflect rElec MP+9 Dex+4 SH+5 SInv}
   (You bought it in a shop on level 5 of the Dungeon)

   [amulet of reflection]

   It shields you and reflects attacks.
   It affects your dexterity (+4).
   It insulates you from electricity.
   It affects your magic capacity (+9).
   It lets you see invisible.
   It affects your SH (+5).
 Z - a +3 ring of evasion (left hand)
Wands
 c - a wand of clouds (7)
 u - a wand of flame (17)
 v - a wand of scattershot (2)
 w - a wand of disintegration (17)
 O - a wand of acid (10)
 P - a wand of enslavement (11)
Scrolls
 o - a scroll of silence {unknown}
 p - 4 scrolls of remove curse
 s - 4 scrolls of immolation {unknown}
 t - 11 scrolls of teleportation
 y - 4 scrolls of blinking
 A - a scroll of acquirement {unknown}
 G - 4 scrolls of fog {unknown}
 H - 3 scrolls of fear
 I - 4 scrolls of enchant weapon
 T - a scroll of summoning {unknown}
 U - a scroll of magic mapping {unknown}
Potions
 g - a potion of curing
 k - a potion of mutation {unknown}
 m - 2 potions of might {unknown}
 q - 3 potions of lignification {unknown}
 x - 2 potions of brilliance
 z - a potion of resistance {unknown}
 E - a potion of heal wounds
 F - a potion of flight {unknown}
 J - a potion of agility {unknown}
 S - a potion of berserk rage {unknown}
 V - a potion of cancellation {unknown}
Comestibles
 b - 20 rations


   Skills:
 + Level 9.7 Fighting
 + Level 9.7(11.9) Axes
 + Level 4.3(7.6) Maces & Flails
 + Level 10.6(12.0) Polearms
 + Level 2.0 Throwing
 + Level 8.0 Dodging
 + Level 4.9 Stealth
 + Level 8.4 Shields
 + Level 2.1 Evocations


You had 11 spell levels left.
You didn't know any spells.
Your spell library contained the following spells:

 Spells                   Type           Power        Failure   Level  Hunger
 Sting                    Conj/Pois      #...         96%         1    ##.....
 Poisonous Vapours        Pois/Air       #.....       99%         2    ###....
 Mephitic Cloud           Conj/Pois/Air  #.......     100%        3    ####...
 Olgreb's Toxic Radiance  Pois           #.......     100%        4    #####..
 Venom Bolt               Conj/Pois      #.........   100%        5    ######.


Dungeon Overview and Level Annotations

Branches:
Dungeon (11/15)            Temple (1/1) D:7            Lair (3/6) D:11
  Swamp: Lair:2-4    Shoals: Lair:2-4     Snake: Lair:2-4    Spider: Lair:2-4
    Orc: D:9-12

Altars:
Ashenzari
Cheibriados
Dithmenos
Elyvilon
Fedhas
Gozag
Hepliaklqana
Kikubaaqudgha
Makhleb
Nemelex Xobeh
Okawaru
Qazlal
Ru
Sif Muna
Trog
Uskayaw
Vehumet
Wu Jian
Xom
Yredelemnul
Zin
The Shining One
Beogh

Shops:
D:5 *   D:7 (   D:8 =

Annotations:
D:8 1 runed translucent door


Innate Abilities, Weirdness & Mutations

You can spit globs of acid.
Your golden yellow scales are hard. (AC +8)
You cannot fit into any form of body armour.
You are cold-blooded and may be slowed by cold attacks.
You are resistant to acid. (rCorr)


Message History

The death yak misses you. The death yak gores you!!
* * * LOW HITPOINT WARNING * * *
You see here a death yak corpse.
The death yak barely misses you. The death yak completely misses you.
The death yak completely misses you.
The death yak snorts and paws the ground.
You puncture the death yak!
You tail-slap the death yak, but do no damage.
The death yak is lightly wounded.
You block the death yak's attack.
The death yak gores the plant!!
You puncture the death yak!
The death yak is moderately wounded.
The death yak gores you!!
* * * LOW HITPOINT WARNING * * *
The death yak gores the plant!!
You puncture the death yak!
The death yak is heavily wounded.
The death yak gores you!
You die...

### #..###
#.####### ##...###
##.#..#.###
#P.....# ### ###
#......#..##
##.....### #P###..
##.........#
##.......###.P....
#.........##
#..##..#..........
#..........##
#..#######........
##..........###..#
##.......
#..........P##@##
#........
#...........PY##
##........
#............Y#
##.........
##............##
#P.........
#..............#
#..........
##.............#
#.......>.#
#P...........##
##......###
##............#
##......#
##...........#
#....##.#


You could see 2 death yaks.

Vanquished Creatures
  2 death yaks (Lair:2)
  2 two-headed ogres
  2 unseen horrors (D:11)
  Pikel (D:9)
  An ugly thing (D:10)
  6 elephants (Lair:2)
  Psyche (D:9)
  5 spiny frogs
  The ghost of Curus the Insei, a novice DsGl of Makhleb (D:5)
  A rime drake (Lair:2)
  A komodo dragon (Lair:2)
  4 kobold demonologists (D:11)
  4 hippogriffs
  Sigmund (D:2)
  A vampire (D:11)
  12 yaks
  3 wyverns
  A hungry ghost (D:8)
  A basilisk (Lair:2)
  4 soldier ants (D:8)
  5 porcupines
  3 water moccasins (D:8)
  A slave (D:9)
  3 ice beasts (D:10)
  4 sky beasts
  5 phantoms
  10 orc warriors
  11 ogres
  A black bear (D:10)
  2 centaurs
  2 crocodiles
  3 big kobolds
  10 bullfrogs
  A scorpion (D:10)
  24 killer bees
  6 howler monkeys (D:8)
  14 wights
  An electric eel (Lair:1)
  6 crimson imps
  A centaur zombie (D:8)
  A quasit (D:8)
  2 jellies
  5 orc priests
  A bullfrog skeleton (D:5)
  A bullfrog zombie (D:11)
  3 hounds
  6 orc wizards
  2 centaur skeletons (D:11)
  A gnoll shaman (D:8)
  2 iguanas
  17 worker ants
  A killer bee zombie (D:8)
  2 hound skeletons
  A howler monkey zombie (D:8)
  7 gnolls
  18 adders
  3 shadow imps
  7 worms
  An adder skeleton (D:4)
  2 dart slugs (D:1)
  8 leopard geckos
  55 orcs
  4 ball pythons
  5 giant cockroaches
  7 goblins
  7 hobgoblins
  12 jackals
  4 quokkas
  11 bats
  3 frilled lizards
  A giant cockroach zombie (D:6)
  25 kobolds
  8 rats
  A plant (Lair:2)
401 creatures vanquished.

Vanquished Creatures (others)
  An ogre (D:5)
  An orc (D:5)
  3 kobolds (Bailey)
  A fungus (Lair:1)
6 creatures vanquished.

Grand Total: 407 creatures vanquished

Notes
Turn   | Place    | Note
-------+----------+-------------------------------------------
     0 | D:1      | Shtrein the Draconian Berserker began the quest for the
                  | Orb.
     0 | D:1      | Reached XP level 1. HP: 19/19 MP: 1/1
   240 | D:1      | Reached XP level 2. HP: 26/26 MP: 2/2
  1170 | D:2      | Reached XP level 3. HP: 33/33 MP: 3/3
  1201 | D:2      | Reached ** piety under Trog
  1464 | D:2      | Reached XP level 4. HP: 40/40 MP: 4/4
  1727 | D:2      | Noticed Sigmund
  1755 | D:2      | Killed Sigmund
  1755 | D:2      | Reached skill level 5 in Axes
  1755 | D:2      | Reached skill level 1 in Stealth
  1755 | D:2      | Reached XP level 5. HP: 28/46 MP: 5/5
  1928 | D:2      | Reached XP level 6. HP: 51/52 MP: 6/6
  3022 | D:3      | Reached *** piety under Trog
  3728 | D:4      | Your scales start taking on a golden yellow colour.
  3728 | D:4      | Reached XP level 7. HP: 47/60 MP: 7/7
  3728 | D:4      | Gained mutation: You are resistant to acid. (rCorr) [Yellow
                  | Draconian growth]
  4409 | D:5      | Entered Level 5 of the Dungeon
  4676 | D:5      | Reached **** piety under Trog
  4721 | D:5      | Found Mauk's Assorted Antiques.
  4728 | D:5      | Bought a scroll of identify for 44 gold pieces
  4728 | D:5      | Bought a glittering ivory amulet for 110 gold pieces
  4735 | D:5      | Identified the amulet of Natil {Reflect rElec MP+9 Dex+4
                  | SH+5 SInv} (You bought it in a shop on level 5 of the
                  | Dungeon)
  4783 | D:5      | Reached skill level 5 in Fighting
  4815 | D:5      | Found a transporter.
  4818 | D:5      | Noticed Curus's ghost (novice DsGl)
  4830 | D:5      | Found a transporter.
  4861 | D:5      | HP: 3/91 [Curus's ghost (15)]
  4863 | D:5      | Killed Curus's ghost
  4863 | D:5      | Reached XP level 8. HP: 4/68 MP: 8/8
  5175 | D:5      | Reached skill level 5 in Dodging
  5465 | D:5      | Reached skill level 1 in Shields
  5582 | D:6      | Reached skill level 1 in Maces & Flails
  5582 | D:6      | Reached skill level 1 in Evocations
  5713 | D:6      | Found a bloodstained altar of Trog.
  6722 | D:7      | Found Cacag's Weapon Shoppe.
  6793 | D:7      | Reached XP level 9. HP: 72/75 MP: 9/9
  7109 | D:7      | Found a staircase to the Ecumenical Temple.
  7117 | D:7      | Got a slimy trident
  7164 | Temple   | Entered the Ecumenical Temple
  8050 | D:8      | Found a sand-covered staircase.
  8148 | D:8      | Reached ***** piety under Trog
  8178 | D:8      | Found a runed translucent gate.
  8187 | D:8      | Found a runed translucent door.
  8422 | D:8      | Found a runed translucent gate.
  8422 | D:8      | Found a runed translucent gate.
  8429 | D:8      | Found a runed translucent door.
  8438 | D:8      | Found the +9 staff of Olgreb {rPois}
  8441 | D:8      | Identified the +9 trident "Uqoradel" {pierce, rElec rN++
                  | Int+3 Stlth-} (You found it on level 7 of the Dungeon)
  8563 | D:8      | Reached XP level 10. HP: 77/84 MP: 10/10
  8581 | D:8      | Reached skill level 1 in Polearms
  8859 | D:8      | Reached skill level 2 in Polearms
  9363 | D:8      | Reached skill level 3 in Polearms
  9380 | D:8      | You fall through a shaft!
  9460 | D:9      | Found a flagged portal.
  9483 | Bailey   | Entered a bailey
  9611 | Bailey   | Found an iron altar of Okawaru.
  9691 | D:9      | Noticed a two-headed ogre
  9697 | D:9      | Killed a two-headed ogre
  9697 | D:9      | Reached skill level 4 in Polearms
  9697 | D:9      | Reached skill level 1 in Throwing
  9955 | D:9      | Received a gift from Trog
  9958 | D:9      | Got a crude morningstar {god gift}
  9971 | D:9      | Noticed Pikel
  9989 | D:9      | Killed Pikel
  9989 | D:9      | Reached skill level 5 in Polearms
  9989 | D:9      | Reached skill level 5 in Shields
 10492 | D:9      | Noticed Psyche
 10511 | D:9      | Killed Psyche
 10659 | D:10     | Entered Level 10 of the Dungeon
 10682 | D:10     | Reached XP level 11. HP: 81/92 MP: 12/12
 10775 | D:10     | Reached skill level 6 in Polearms
 10826 | D:10     | Found a roughly hewn altar of Beogh.
 11008 | D:10     | Noticed a brown ugly thing
 11022 | D:10     | Killed a brown ugly thing
 11585 | D:10     | Reached skill level 7 in Polearms
 11857 | D:8      | Identified the +10 morningstar "Beetlebane" {flame, rC-
                  | Dex+7 Stlth+} (Trog gifted it to you on level 9 of the
                  | Dungeon)
 12081 | D:8      | Found Dehysiaw's Jewellery Shop.
 12281 | D:11     | Found a bloodstained altar of Trog.
 12318 | D:11     | Noticed an unseen horror
 12328 | D:11     | Killed an unseen horror
 12411 | D:11     | Noticed an unseen horror
 12426 | D:11     | Killed an unseen horror
 12449 | D:11     | Noticed a two-headed ogre
 12459 | D:11     | Killed a two-headed ogre
 12459 | D:11     | Reached skill level 8 in Polearms
 12580 | D:11     | Found a staircase to the Lair.
 12713 | D:11     | Received a gift from Trog
 12887 | Lair:1   | Entered Level 1 of the Lair of Beasts
 12910 | Lair:1   | Reached skill level 9 in Polearms
 13139 | Lair:1   | You fall through a shaft!
 13207 | Lair:1   | Found a gate leading to a gauntlet.
 13260 | Lair:1   | Reached XP level 12. HP: 39/103 MP: 13/13
 15115 | Lair:2   | Reached skill level 10 in Polearms
 15689 | Lair:3   | Noticed a death yak
 15689 | Lair:3   | Noticed a death yak
 15689 | Lair:3   | Noticed a death yak
 15689 | Lair:3   | Noticed a death yak
 15690 | Lair:3   | Noticed a death yak
 15690 | Lair:3   | Noticed a death yak
 15819 | Lair:2   | Killed a death yak
 16038 | Lair:2   | Killed a death yak
 16057 | Lair:2   | Slain by a death yak

Skill      XL: |  1  2  3  4  5  6  7  8  9 10 11 12 |
---------------+-------------------------------------+-----
Dodging        | 3 4 5 6 7 8 |  8.0
Axes           | 4 5 6 7 8 9 |  9.7
Fighting       | 4 5 6 7 8 9 |  9.7
Stealth        | 1 2 3 4 |  4.9
Shields        | 1 3 5 7 8 |  8.4
Maces & Flails | 3 4 |  4.3
Evocations     | 1 2 |  2.1
Polearms       | 5 9 10 | 10.6
Throwing       | 2 |  2.0

Action                   |  1- 3 |  4- 6 |  7- 9 | 10-12 || total
-------------------------+-------+-------+-------+-------++-------
Melee: Hand axe          |    97 |   249 |       |       ||   346
       Tailslap          |     6 |    31 |    46 |   116 ||   199
       War axe           |       |     1 |   225 |       ||   226
       Dire flail        |       |       |    47 |       ||    47
       Trident           |       |       |    18 |   743 ||   761
Throw: Javelin           |       |       |       |    12 ||    12
       Tomahawk          |       |       |       |     3 ||     3
Invok: Berserk           |       |     2 |     2 |       ||     4
       Trog's Hand       |       |       |       |     3 ||     3
 Abil: Breathe Acid      |       |       |     4 |     1 ||     5
Evoke: Wand              |       |       |     4 |    10 ||    14
  Use: Scroll            |     2 |     3 |    13 |     8 ||    26
       Potion            |       |       |     3 |     1 ||     4
 Stab: Sleeping          |       |     2 |     7 |     4 ||    13
       Distracted        |       |       |     2 |     1 ||     3
  Eat: Ration            |     1 |     2 |     5 |     7 ||    15
       Chunk             |       |     1 |     1 |     3 ||     5
Armor: Skin              |    41 |    66 |    68 |    80 ||   255
Dodge: Dodged            |    70 |   157 |   166 |   280 ||   673
Block: Buckler           |       |       |    94 |   202 ||   296
       Other             |       |       |    14 |       ||    14
       Reflection        |       |       |     8 |    28 ||    36
       Large shield      |       |       |       |   284 ||   284
